 Dungeon Crawl Stone Soup version 0.18.1-48-g4cf74bf (webtiles) character file.

200 Lennu the Vexing (level 6, 0/44 HPs)
             Began as a Formicid Arcane Marksman on June 28, 2016.
             Slain by Purgy (2 damage)
             ... on level 3 of the Dungeon.
             The game lasted 00:18:19 (3540 turns).

Lennu the Vexing (Formicid Arcane Marksman)         Turns: 3540, Time: 00:18:19

Health: 0/44       AC:  8    Str: 17    XL:     6   Next: 7%
Magic:  8/9        EV: 11    Int: 13    God:
Gold:   165        SH:  0    Dex: 10    Spells: 1 memorised, 8 levels left

rFire  . . .     SeeInvis +     v - +0 spear
rCold  . . .     Gourm    .     g - +0 ring mail
rNeg   . . .     Faith    .     (no shield)
rPois  .         Spirit   .     (helmet unavailable)
rElec  .         Dismiss  .     (no cloak)
rCorr  .         Reflect  .     h - +0 pair of gloves
SustAt .         Harm     .     x - +1 pair of boots
MR     .....                    (no amulet)
Stlth  +.........               (no ring)
                                (no ring)

@: drained, not resistant to hostile enchantments, very unstealthy
A: permanent stasis, dig shafts and tunnels, four strong arms, antennae 3
a: Dig, Shaft Self


You were on level 3 of the Dungeon.
You were not hungry.

You visited 1 branch of the dungeon, and saw 3 of its levels.

You collected 165 gold pieces.

Inventory:

Hand Weapons
 v - a +0 spear (weapon)
Missiles
 m - 7 tomahawks (quivered)
Armour
 g - a +0 ring mail (worn)
 h - a +0 pair of gloves (worn)
 u - a +0 pair of boots
 x - a +1 pair of boots (worn)
Scrolls
 a - 3 scrolls of random uselessness {unknown}
 e - 5 scrolls of identify {unknown}
 l - 3 scrolls of noise {unknown}
 p - 2 scrolls of enchant armour {unknown}
 q - a scroll of teleportation {unknown}
 r - 2 scrolls of remove curse {unknown}
 w - a scroll of fear {unknown}
 y - a scroll of fog {unknown}
Potions
 j - 2 potions of lignification {unknown}
 k - 2 potions of heal wounds {unknown}
 n - 2 potions of cure mutation {unknown}
 o - a potion of berserk rage {unknown}
 s - a potion of magic {unknown}
 t - a potion of flight {unknown}
Books
 b - a book of Debilitation

   Spells                             Type                      Level
   a - Corona                         Hexes                        1
   b - Slow                           Hexes                        2
   c - Gell's Gravitas                Hexes/Translocation          3
   d - Inner Flame                    Hexes/Fire                   3
   e - Cause Fear                     Hexes                        4
   f - Leda's Liquefaction            Hexes/Earth                  4
Comestibles
 f - 3 bread rations
 i - 2 beef jerkies
 z - a meat ration


   Skills:
 * Level 2.2 Fighting
 * Level 1.1(1.0) Polearms
 + Level 2.1(2.0) Throwing
 * Level 2.4(2.3) Armour
 * Level 3.1(3.0) Dodging
 + Level 0.3 Stealth
 + Level 2.2 Spellcasting
 + Level 4.3(4.2) Hexes


You had 8 spell levels left.
You knew the following spells:

 Your Spells              Type           Power        Failure   Level  Hunger
a - Corona                Hex            ##.....      10%         1    ##.....


Dungeon Overview and Level Annotations

Branches:
Dungeon (3/15)

Altars:
Nemelex Xobeh
Yredelemnul
Zin

Annotations:
D:3 Purgy


Innate Abilities, Weirdness & Mutations

You are under a permanent stasis effect.
You can dig through walls and to a lower floor.
Your four strong arms can wield two-handed weapons with a shield.
You have a pair of large antennae on your head (SInv).


Message History

* * * LOW HITPOINT WARNING * * *
Purgy closely misses you. x2
You closely miss Purgy.
Purgy is severely wounded.
Purgy closely misses you. Purgy claws you but does no damage. x2
You hit Purgy.
Purgy is severely wounded.
Purgy bites you but does no damage. Purgy claws you but does no damage.
Purgy claws you.
* * * LOW HITPOINT WARNING * * *
You closely miss Purgy.
Purgy is severely wounded.
Purgy snarls, "Go!
Away!"
Purgy bites you but does no damage. Purgy claws you but does no damage. x2
You closely miss Purgy.
Purgy is severely wounded.
Purgy bites you!
* * * LOW HITPOINT WARNING * * *
Purgy claws you but does no damage. Purgy claws you.
You die...

#.###.####### #..#
#.......)..(. ##.####
#############.........(..
#.....
............#........(...
#.....
###########.#.......(.$$.
#.....
.....................
#.....
#######..............
#..... ##+#....T.......
###..# #......@########
#... #.......# #...
#.......# ######.#.
#.<.....# #......#.
#.......# #......##
#.......# #......##
#######.......# ######.##
#.............# #.#
#.#####.......# #.#


You could see Purgy.

Vanquished Creatures
  An ogre (D:3)
  Terence (D:3)
  2 adders
  An ooze (D:3)
  A worm (D:2)
  4 giant geckos
  3 ball pythons
  7 bats
  2 giant cockroaches (D:1)
  7 goblins
  4 hobgoblins
  5 jackals (D:2)
  7 kobolds
  2 quokkas (D:2)
  8 giant newts
  6 rats
  A spectral orc (D:3)
62 creatures vanquished.

Notes
Turn   | Place    | Note
--------------------------------------------------------------
     0 | D:1      | Lennu the Formicid Arcane Marksman began the quest for the Orb.
     0 | D:1      | Reached XP level 1. HP: 15/15 MP: 2/2
   611 | D:1      | Reached XP level 2. HP: 21/21 MP: 3/3
   758 | D:1      | Reached skill level 4 in Hexes
   765 | D:1      | Found a sparkling altar of Nemelex Xobeh.
   823 | D:1      | Reached XP level 3. HP: 24/26 MP: 2/4
  1653 | D:2      | Found a glowing silver altar of Zin.
  2035 | D:2      | Reached XP level 4. HP: 28/33 MP: 4/6
  2060 | D:2      | Reached skill level 1 in Armour
  2621 | D:3      | Noticed an ogre
  2637 | D:3      | Killed an ogre
  2637 | D:3      | Reached skill level 1 in Polearms
  2637 | D:3      | Reached XP level 5. HP: 26/38 MP: 6/8
  2744 | D:3      | Found a basalt altar of Yredelemnul.
  3252 | D:3      | Found a faded altar to an unknown god.
  3286 | D:3      | Noticed Terence
  3317 | D:3      | Killed Terence
  3317 | D:3      | Reached XP level 6. HP: 35/44 MP: 6/9
  3487 | D:3      | Noticed Purgy
  3540 | D:3      | HP: 2/44 [Purgy (7)]
  3540 | D:3      | Slain by Purgy

Skill      XL: |  1  2  3  4  5 |
---------------+----------------+-----
Dodging        | 2 3 |  3.1
Hexes          | 4 |  4.3
Armour         | 1 2 |  2.4
Fighting       | 2 |  2.2
Polearms       | 1 |  1.1
Spellcasting   | 2 |  2.2
Throwing       | |  2.1
Stealth        | |  0.3

Action                   |  1- 3 |  4- 6 || total
-------------------------+-------+-------++-------
Melee: Unarmed           |    46 |       ||    46
       Club              |    53 |       ||    53
       Spear             |    43 |   165 ||   208
Throw: Javelin           |    18 |     7 ||    25
       Throwing net      |       |     2 ||     2
 Cast: Corona            |    31 |    23 ||    54
  Eat: Chunk             |     4 |       ||     4
       Meat ration       |     1 |       ||     1
       Beef jerky        |       |     1 ||     1
Armor: Robe              |    13 |       ||    13
       Ring mail         |    63 |   107 ||   170
Dodge: Dodged            |   115 |   120 ||   235
